 Dungeon Crawl Stone Soup version 0.21-a0-111-g52d2817 (webtiles) character file.

131 Felkjern the Firebug (level 4, 24/24 HPs)
             Began as a Deep Elf Fire Elementalist on July 11, 2017.
             Was an Initiate of Sif Muna.
             Quit the game on level 3 of the Dungeon.
             The game lasted 00:13:44 (2714 turns).

Felkjern the Firebug (Deep Elf Fire Elementalist)   Turns: 2714, Time: 00:13:45

Health: 24/24      AC:  3    Str:  5    XL:     4   Next: 91%
Magic:  12/12      EV: 13    Int: 21    God:    Sif Muna [......]
Gold:   69         SH:  0    Dex: 15    Spells: 3/12 levels left

rFire    . . .     SeeInvis .   (no weapon)
rCold    . . .     Gourm    .   (no shield)
rNeg     . . .     Faith    .   a - +0 robe
rPois    .         Spirit   .   (no helmet)
rElec    .         Reflect  .   (no cloak)
rCorr    .         Harm     .   (no gloves)
MR       .....                  m - +0 pair of boots
Stlth    ++........             (no amulet)
HPRegen  0.08/turn              (no ring)
MPRegen  0.13/turn              (no ring)

@: no status effects
A: no striking features
a: Renounce Religion


You were on level 3 of the Dungeon.
You worshipped Sif Muna.
Sif Muna was noncommittal.
You were not hungry.

You visited 1 branch of the dungeon, and saw 3 of its levels.

You collected 69 gold pieces.

Inventory:

Missiles
 l - 4 javelins (quivered)
Armour
 a - a +0 robe (worn)
 m - a +0 pair of boots (worn)
Scrolls
 f - 2 scrolls of blinking {unknown}
 g - 4 scrolls of identify {unknown}
 h - 3 scrolls of remove curse {unknown}
 i - a scroll of fear {unknown}
 n - 4 scrolls of teleportation {unknown}
 p - a scroll of immolation {unknown}
 t - a scroll of recharging {unknown}
Potions
 e - a potion of curing {unknown}
 j - a potion of invisibility {unknown}
 o - a potion of degeneration {unknown}
 q - a potion of heal wounds {unknown}
Books
 b - a book of Flames

   Spells                             Type                      Level
   a - Flame Tongue                   Conjuration/Fire             1
   b - Throw Flame                    Conjuration/Fire             2
   c - Conjure Flame                  Conjuration/Fire             3
   d - Inner Flame                    Hexes/Fire                   3
   e - Sticky Flame                   Conjuration/Fire             4
   f - Fireball                       Conjuration/Fire             5
Comestibles
 c - a bread ration
 d - 2 fruits
 k - 3 royal jellies
 s - a meat ration


   Skills:
 - Level 2.4 Dodging
 - Level 2.4 Stealth
 + Level 4.8 Spellcasting
 + Level 2.0 Conjurations
 * Level 5.0 Fire Magic


You had 3 spell levels left.
You knew the following spells:

 Your Spells              Type           Power        Failure   Level  Hunger
a - Flame Tongue          Conj/Fire      ###..        2%          1    None
b - Throw Flame           Conj/Fire      ###...       3%          2    None
c - Conjure Flame         Conj/Fire      ###.....     8%          3    ##.....
d - Inner Flame           Hex/Fire       ###.....     12%         3    ##.....


Dungeon Overview and Level Annotations

Branches:
Dungeon (3/15)

Altars:
Gozag
Sif Muna


Message History

Confirm with . or Enter, or press ? or * to list all spells.
Aiming: Throw Flame
Press: ? - help, Shift-Dir - straight line, f/p - orc wizard
Aim: an orc wizard, wielding a dagger and wearing a robe (moderately wounded)
Casting: Throw Flame
Confirm with . or Enter, or press ? or * to list all spells.
Aiming: Throw Flame
Press: ? - help, Shift-Dir - straight line, f/p - orc wizard
Aim: an orc wizard, wielding a dagger and wearing a robe (steam, heavily wounded, hasn't noticed you)
Your Conjurations skill increases to level 2!
Your Fire Magic skill increases to level 5!
You feel a bit more experienced.
You start resting.
Magic restored.
Found a deep blue altar of Sif Muna.
There is a deep blue altar of Sif Muna here.
You kneel at the altar of Sif Muna.
Sif Muna welcomes you!
Okay, then.
Are you sure you want to abandon this character and quit the game? (Confirm with "yes".)

#.# #..#
#####.####..####.##
###.................#
........####).####..#
###.##### #..###### #.#
#...#...# #.# #.###._.#
###.# #.###...### (...#
###..@....## #####
#.........##
#....≈≈≈....#
############...≈≈≈≈≈...##
..........#...≈≈...≈≈...#
###########...≈≈.>.≈≈...#
#...≈≈..)≈≈...#
##...≈≈≈≈≈...##
#....≈≈≈....#


There were no monsters in sight!

Vanquished Creatures
  An orc wizard (D:3)
  3 gnolls (D:3)
  2 adders (D:2)
  3 worms
  2 dart slugs
  2 giant cockroaches
  5 goblins
  6 hobgoblins
  6 jackals
  6 bats
  2 frilled lizards (D:1)
  5 kobolds (D:1)
  5 rats
48 creatures vanquished.

Notes
Turn   | Place    | Note
-------+----------+-------------------------------------------
     0 | D:1      | Felkjern the Deep Elf Fire Elementalist began the quest for the Orb.
     0 | D:1      | Reached XP level 1. HP: 10/10 MP: 6/6
   201 | D:1      | Reached XP level 2. HP: 15/15 MP: 6/8
   651 | D:1      | Learned a level 2 spell: Throw Flame
  1204 | D:2      | Reached skill level 4 in Fire Magic
  1204 | D:2      | Reached XP level 3. HP: 19/19 MP: 2/10
  1803 | D:2      | Learned a level 3 spell: Conjure Flame
  1807 | D:2      | Learned a level 3 spell: Inner Flame
  2066 | D:3      | Reached XP level 4. HP: 24/24 MP: 10/12
  2389 | D:3      | Found an opulent altar of Gozag.
  2638 | D:3      | Reached skill level 5 in Fire Magic
  2703 | D:3      | Found a deep blue altar of Sif Muna.
  2711 | D:3      | Became a worshipper of Sif Muna the Loreminder
  2714 | D:3      | Quit the game

Vault maps used:
D:1:      minmay_arrival_up_and_down, minmay_misc_feat_chi, item_on_display_a
D:3:      tgw_sif, nicolae_overflow_crystal_walls, marbit_many_paths,
          kennysheep_generic_room_16

Skill      XL: |  1  2  3  4 |
---------------+-------------+-----
Spellcasting   | 4 |  4.8
Fire Magic     | 4 5 |  5.0
Conjurations   | 2 |  2.0
Dodging        | |  2.4
Stealth        | |  2.4

Action                   |  1- 3 |  4- 6 || total
-------------------------+-------+-------++-------
 Cast: Flame Tongue      |    55 |    16 ||    71
       Throw Flame       |    12 |    11 ||    23
  Eat: Chunk             |     3 |     2 ||     5
Armor: Robe              |     2 |       ||     2
Dodge: Dodged            |     7 |       ||     7
